 Dungeon Crawl Stone Soup version 0.31.0-4-g52a2dc7128 (webtiles) character file.

Game seed: 9709661467070767019

292 freelancePsychic the Trooper (level 5, -6/70 HPs)
             Began as a Demigod Wanderer on Jan 22, 2024.
             Mangled by a gnoll
             ... wielding a +0 halberd
              (13 damage)
             ... on level 4 of the Dungeon.
             The game lasted 00:04:06 (2611 turns).

freelancePsychic the Trooper (Demigod Wanderer)     Turns: 2611, Time: 00:04:06

Health: -6/70      AC:  6    Str: 13    XL:     5   Next: 84%
Magic:  10/10      EV: 10    Int: 17    God:
Gold:   154        SH:  0    Dex: 14    Spells: 6/8 levels left

rFire   . . .        a - +3 short sword
rCold   . . .        (no shield)
rNeg    . . .        g - +0 ring mail
rPois   .            (no helmet)
rElec   .            (no cloak)
rCorr   .            k - +0 pair of gloves
SInv    .            (no boots)
Will    .....        (no amulet) Stlth
                     (no ring)
HPRegen 0.31/turn    (no ring)
MPRegen 0.12/turn

%: no passive effects
@: berserking (expiring), very quick
A: high MP 1, forlorn, divine attributes
a: no special abilities


You were on level 4 of the Dungeon.
You visited 1 branch of the dungeon, and saw 4 of its levels.

You collected 154 gold pieces.

Inventory:

Hand Weapons
 a - a +3 short sword (weapon)
 s - a +0 dagger of draining
Armour
 d - a +0 robe
 g - a +0 ring mail (worn)
 k - a +0 pair of gloves (worn)
Jewellery
 j - a ring of flight
Wands
 q - a wand of light (9)
 u - a wand of roots (8)
Scrolls
 b - 2 scrolls of fog
 f - 2 scrolls of revelation
 i - a scroll of enchant weapon {unknown}
 n - a scroll of poison {unknown}
 o - a scroll of amnesia {unknown}
 p - a scroll of blinking {unknown}
Potions
 c - a potion of berserk rage
 e - a potion of might
 l - a potion of attraction {unknown}
 m - a potion of enlightenment {unknown}
 r - 2 potions of curing {unknown}
 t - a potion of mutation {unknown}


   Skills:
 + Level 4.5 Fighting
 - Level 2.5 Short Blades
 - Level 1.0 Stealth
 - Level 1.7 Unarmed Combat
 + Level 2.0 Spellcasting
 * Level 3.3 Hexes
 - Level 1.7 Evocations


You had 6 spell levels left.
You knew the following spells:

 Your Spells              Type           Power      Damage    Failure   Level
a - Jinxbite              Hex            24%        N/A       17%         2

Your spell library contained the following spells:

 Spells                   Type           Power      Damage    Failure   Level
 Apportation              Tloc           2%         N/A       38%         1
 Cause Fear               Hex            6%         N/A       73%         4
 Anguish                  Hex/Necr       3%         N/A       91%         4
 Alistair's Intoxication  Alch           0%         N/A       100%        5
 Enfeeble                 Hex            6%         N/A       100%        7


Dungeon Overview and Level Annotations

Branches:
Dungeon (4/15)
 Temple: D:4-7


Innate Abilities, Weirdness & Mutations

You have an increased reservoir of magic. (+10% MP)
You shall have no god before yourself.
Your divine heritage dramatically boosts your attributes as you level up.


Message History

You feel yourself moving faster!
You feel mighty! The gnoll closely misses you.
You closely miss the gnoll. You closely miss the gnoll.
The gnoll hits you with a +1 flail of protection!
* * * LOW HITPOINT WARNING * * *
You puncture the gnoll!
The gnoll is almost dead.
The gnoll barely misses you.
You hit the gnoll.
The gnoll is almost dead.
You puncture the gnoll!
You kill the gnoll!
You puncture the gnoll!
The gnoll is severely wounded.
The gnoll hits you with a +0 flail!
* * * LOW HITPOINT WARNING * * *
You puncture the gnoll!
You kill the gnoll!
The gnoll completely misses you.
Items here: )) ††.
You closely miss the gnoll. You puncture the gnoll!
The gnoll is severely wounded.
You puncture the gnoll!
The gnoll is almost dead.
The gnoll hits you from afar with a +0 halberd!
* * * LOW HITPOINT WARNING * * *
You hit the gnoll.
You kill the gnoll!
Your Spellcasting skill increases to level 2!
The gnoll closely misses you. The gnoll barely misses you.
Things that are here:
a +0 club; a +0 whip; a gnoll corpse You barely miss the gnoll.
You punch the gnoll.
The gnoll is almost dead.
You feel your willpower return.
You puncture the gnoll!
You kill the gnoll!
The gnoll hits you from afar with a +0 halberd!
You die...

.#.#.#.#.#...
#...#...#.... ...
...##... # ...#...#.###
#. #.#.#.#....( #..
#.#.#.#..... #..##
###.#.#.#.....
#...g#####..#...#......
#..g.J@)....#...##.....
##..#######.#...#.###.#
## ##.#.#.....##
###.#......# #.#..†..#.
.#).....#. )##.....#.
...###.#.. .... .###.


You could see 2 gnolls and an endoplasm.

Vanquished Creatures
  A bombardier beetle (D:3)
  An orc priest (D:4)
  3 orc wizards (D:3)
  6 gnolls (D:4)
  3 adders
  A ribbon worm (D:2)
  7 orcs
  5 bats
  3 endoplasms
  3 giant cockroaches
  10 goblins
  6 hobgoblins
  3 jackals (D:3)
  4 kobolds
  3 quokkas
  7 ball pythons
  A frilled lizard (D:1)
  6 rats
73 creatures vanquished.

Notes
Turn   | Place    | Note
-------+----------+-------------------------------------------
     0 | D:1      | freelancePsychic the Demigod Wanderer began the quest for
                  | the Orb.
     0 | D:1      | freelancePsychic set off with the following items: a +3
                  | short sword, a scroll of fog, a potion of berserk rage, a
                  | +0 robe.
     0 | D:1      | Reached XP level 1. HP: 19/19 MP: 3/3
   271 | D:1      | Reached XP level 2. HP: 24/27 MP: 4/4
   430 | D:1      | Reached skill level 1 in Stealth
   907 | D:2      | Reached XP level 3. HP: 25/33 MP: 5/5
   955 | D:2      | Learned a level 2 spell: Jinxbite
  1186 | D:2      | Reached skill level 1 in Hexes
  1510 | D:3      | Reached skill level 4 in Fighting
  1582 | D:3      | Reached skill level 1 in Spellcasting
  1582 | D:3      | Reached XP level 4. HP: 31/40 MP: 8/8
  2111 | D:3      | Reached XP level 5. HP: 45/46 MP: 9/9
  2611 | D:4      | Mangled by a gnoll

Illustrated notes

Levels and vault maps discovered:
D:1:      minmay_arrival_five_plusses, layout_basic
D:2:      layout_loops_corners
D:3:      layout_rooms
D:4:      nicolae_BIG_FREAKIN_CUBE, layout_layer_cave,
          okawaru_metal_pillars_1_2, mainiacjoe_overflow_catwalk,
          nicolae_overflow_crystal_walls, serial_park_tiny_2,
          nicolae_shop_overcharged_wands, uniq_blork_the_orc

Skill      XL: |  1  2  3  4  5 |
---------------+----------------+-----
Short Blades   | 2 |  2.5
Stealth        | 1 |  1.0
Hexes          | 1 2 3 |  3.3
Fighting       | 4 |  4.5
Spellcasting   | 1 2 |  2.0
Unarmed Combat | |  1.7
Evocations     | |  1.7

Action                     |  1- 3 |  4- 6 || total
---------------------------+-------+-------++-------
  Melee: Short sword       |   118 |   158 ||   276
         Punch             |     3 |     5 ||     8
   Cast: Jinxbite          |       |     5 ||     5
    Use: Scroll            |     2 |     1 ||     3
         Potion            |     1 |     2 ||     3
 Armour: Ring mail         |    60 |   105 ||   165
         Robe              |     1 |       ||     1
  Dodge: Dodged            |    55 |    83 ||   138
